NCAA
CALIFORNIA GOLDEN BEARS @ NEVADA LAS VEGAS REBELS
04/05/2060
 
TOP OF THE 1ST
California Golden Bears batting - Pitching for Nevada Las Vegas Rebels : LHP James Mix
Pitching: LHP James Mix
Batting: RHB Darrin Turner 0-0: Ball
1-0: Called Strike
1-1: Ball
2-1: Ball
3-1: Called Strike
3-2: Reached on error, E6 (Groundball, 56, EV 78.1 MPH)
Batting: RHB Cristian Stadler 0-0: Ball
1-0: Ground out 1-3 (Groundball, 13S, EV 76.2 MPH)
Darrin Turner to third
Batting: RHB Brian Van Hook 0-0: Swinging Strike
0-1: Foul Ball, location: 2F
0-2: Strikes out swinging
Batting: RHB Thalen Lizik Balk!
Darrin Turner scores
0-0: SINGLE (Line Drive, 8RS, EV 89.4 MPH)
Batting: RHB Sterling Henry 0-0: Ball
1-0: Foul Ball, location: 2F
1-1: Called Strike
1-2: Ball
2-2: Ball
3-2: SINGLE (Groundball, 56S, EV 74.4 MPH) (infield hit)
Thalen Lizik to second
Batting: RHB Wyatt Wassell 0-0: Ball
1-0: Called Strike
1-1: Ground out U3 (Groundball, 34, EV 83.8 MPH)
Top of the 1st over - 1 run, 2 hits, 1 error, 2 left on base; California 1 - Nevada Las Vegas 0
BOTTOM OF THE 1ST
Nevada Las Vegas Rebels batting - Pitching for California Golden Bears : RHP Calbert Haynes
Pitching: RHP Calbert Haynes
Batting: RHB Luke Fridell 0-0: Ground out U3 (Groundball, 3, EV 81.2 MPH)
Batting: RHB Wes Keel 0-0: Fly out, F9 (Flyball, 9D, EV 94.4 MPH)
Batting: LHB Earl Salazar 0-0: Ball
1-0: SOLO HOME RUN (Flyball, 7D, EV 98.8 MPH), Distance : 382 ft
Batting: LHB Joey Mastrostefano 0-0: SINGLE (Line Drive, 6M, EV 94.4 MPH)
Batting: RHB R.J. Anteau 0-0: Ball
1-0: Ball
2-0: Ball
Balk!
Joey Mastrostefano to second
3-0: Called Strike
3-1: Foul Ball, location: 2F
3-2: Foul Ball, location: 2F
3-2: Strikes out swinging
Bottom of the 1st over - 1 run, 2 hits, 0 errors, 1 left on base; California 1 - Nevada Las Vegas 1
TOP OF THE 2ND
California Golden Bears batting - Pitching for Nevada Las Vegas Rebels : LHP James Mix
Batting: RHB Gage Cotton 0-0: SINGLE (Line Drive, 78M, EV 98.1 MPH)
Batting: RHB Griffin Forsee 0-0: Called Strike
0-1: Fielders Choice at 2nd, 6-4 (Groundball, 6, EV 88.1 MPH)
Batting: LHB Will Shad 0-0: Ball
1-0: Foul Ball, location: 2F
1-1: Fly out, F9 (Flyball, 89D, EV 100.0 MPH)
Batting: RHB Darrin Turner 0-0: Ball
1-0: Ball
2-0: Called Strike
2-1: Foul Ball, location: 2F
2-2: Strikes out swinging
Top of the 2nd over - 0 runs, 1 hit, 0 errors, 1 left on base; California 1 - Nevada Las Vegas 1
BOTTOM OF THE 2ND
Nevada Las Vegas Rebels batting - Pitching for California Golden Bears : RHP Calbert Haynes
Batting: LHB Stuart Jugo 0-0: Ball
1-0: Called Strike
1-1: Foul Ball, location: 2F
1-2: SINGLE (Groundball, 34S, EV 63.8 MPH) (infield hit)
Batting: RHB Johnathan Sepe 0-0: Called Strike
0-1: Ball
1-1: Swinging Strike
1-2: Ball
2-2: Foul Ball, location: 2F
2-2: SINGLE (Groundball, 56D, EV 100.6 MPH)
Stuart Jugo to second
Batting: LHB Coop Gloster 0-0: Ball
1-0: 3-RUN HOME RUN (Flyball, 9LD, EV 95.6 MPH), Distance : 367 ft
Batting: LHB Kane Drennen 0-0: Foul Ball, location: 2F
0-1: Foul Ball, location: 2F
0-2: Fly out, F4 (Popup, 3S, EV 85.0 MPH)
Batting: RHB Luke Fridell 0-0: Ball
1-0: Called Strike
1-1: Swinging Strike
1-2: Foul Ball, location: 2F
1-2: Foul Ball, location: 2F
1-2: Foul Ball, location: 2F
1-2: Ground out 3-1 (Groundball, 34, EV 99.4 MPH)
Batting: RHB Wes Keel 0-0: Called Strike
0-1: Ball
1-1: Ball
2-1: Foul Ball, location: 2F
2-2: Ball
3-2: Base on Balls
Batting: LHB Earl Salazar 0-0: Foul Ball, location: 2F
0-1: Fly out, F8 (Line Drive, 8RM, EV 91.9 MPH)
Bottom of the 2nd over - 3 runs, 3 hits, 0 errors, 1 left on base; California 1 - Nevada Las Vegas 4
TOP OF THE 3RD
California Golden Bears batting - Pitching for Nevada Las Vegas Rebels : LHP James Mix
Batting: RHB Cristian Stadler 0-0: Ball
1-0: Fly out, F6 (Popup, 6MS, EV 71.2 MPH)
Batting: RHB Brian Van Hook 0-0: Ball
1-0: Ground out 5-3 (Groundball, 5L, EV 109.4 MPH)
Batting: RHB Thalen Lizik 0-0: Ball
1-0: Foul Ball, location: 2F
1-1: Called Strike
1-2: Ball
2-2: SINGLE (Line Drive, 7LM, EV 105.6 MPH)
Batting: RHB Sterling Henry 0-0: Called Strike
0-1: Ball
1-1: Ball
2-1: Foul Ball, location: 2F
2-2: Ball
3-2: Base on Balls
Thalen Lizik to second
Batting: RHB Wyatt Wassell 0-0: Called Strike
0-1: SINGLE (Line Drive, 9LS, EV 96.2 MPH)
Thalen Lizik to third
Sterling Henry to second
Runner from 3rd tries for Home, throw by RF and OUT! 9-2
Top of the 3rd over - 0 runs, 2 hits, 0 errors, 2 left on base; California 1 - Nevada Las Vegas 4
BOTTOM OF THE 3RD
Nevada Las Vegas Rebels batting - Pitching for California Golden Bears : RHP Calbert Haynes
Batting: LHB Joey Mastrostefano 0-0: Ball
1-0: Ground out U3 (Groundball, 34, EV 83.8 MPH)
Batting: RHB R.J. Anteau 0-0: Ball
1-0: SINGLE (Line Drive, 8LS, EV 111.2 MPH)
Batting: LHB Stuart Jugo 0-0: Ball
1-0: Ball
2-0: Ground out U3 (Groundball, 3S, EV 75.0 MPH)
R.J. Anteau to second
Batting: RHB Johnathan Sepe 0-0: Ball
1-0: Ball
2-0: Ball
3-0: Base on Balls
Batting: LHB Coop Gloster 0-0: Ball
1-0: Reached via error on a dropped throw from 3B, E3 (Groundball, 15, EV 83.1 MPH)
R.J. Anteau to third
Johnathan Sepe to second
Batting: LHB Kane Drennen 0-0: Ball
1-0: Ball
2-0: Ball
3-0: Base on Balls
R.J. Anteau scores
Johnathan Sepe to third
Coop Gloster to second
Pitching: RHP Sean Austin
Batting: RHB Luke Fridell 0-0: Ball
1-0: Ball
2-0: Ball
3-0: Swinging Strike
3-1: Base on Balls
Johnathan Sepe scores
Coop Gloster to third
Kane Drennen to second
Batting: RHB Wes Keel 0-0: Ball
1-0: Swinging Strike
1-1: Ball
2-1: Foul Ball, location: 2F
2-2: Fly out, F7 (Flyball, 7LM, EV 85.6 MPH)
Bottom of the 3rd over - 2 runs, 1 hit, 1 error, 3 left on base; California 1 - Nevada Las Vegas 6
TOP OF THE 4TH
California Golden Bears batting - Pitching for Nevada Las Vegas Rebels : LHP James Mix
Batting: RHB Gage Cotton 0-0: Ball
1-0: Ground out 5-3 (Groundball, 56S, EV 80.0 MPH)
Batting: RHB Griffin Forsee 0-0: Swinging Strike
0-1: Foul Ball, location: 2F
0-2: Ball
1-2: Strikes out swinging
Batting: LHB Will Shad 0-0: Called Strike
0-1: Foul Ball, location: 2F
0-2: Ball
1-2: Ball
2-2: Ball
3-2: Base on Balls
Batting: RHB Darrin Turner 0-0: Ball
1-0: Ball
2-0: Called Strike
2-1: Ball
3-1: Called Strike
3-2: Fly out, F7 (Flyball, 7D, EV 102.5 MPH)
Top of the 4th over - 0 runs, 0 hits, 0 errors, 1 left on base; California 1 - Nevada Las Vegas 6
BOTTOM OF THE 4TH
Nevada Las Vegas Rebels batting - Pitching for California Golden Bears : RHP Sean Austin
Batting: LHB Earl Salazar 0-0: Called Strike
0-1: Foul Ball, location: 2F
0-2: Ball
1-2: Ball
2-2: Ball
3-2: Base on Balls
Batting: LHB Joey Mastrostefano 0-0: Ball
1-0: Swinging Strike
1-1: Ball
2-1: SINGLE (Line Drive, 8LS, EV 90.6 MPH)
Earl Salazar to second
Batting: RHB R.J. Anteau 0-0: Ball
1-0: Foul Ball, location: 2F
1-1: Foul Ball, location: 2F
1-2: Ball
2-2: Ground out 5-3 (Groundball, 56S, EV 74.4 MPH)
Earl Salazar to third
Joey Mastrostefano to second
Batting: LHB Stuart Jugo 0-0: Foul Ball, location: 2F
0-1: Ball
1-1: Ball
2-1: Swinging Strike
2-2: Foul Ball, location: 2F
2-2: DOUBLE (Line Drive, 78M, EV 99.4 MPH)
Earl Salazar scores
Joey Mastrostefano scores
Batting: RHB Johnathan Sepe 0-0: Ball
1-0: Swinging Strike
1-1: Ball
2-1: Foul Ball, location: 2F
2-2: Ground out U3 (Groundball, 34S, EV 90.0 MPH)
Stuart Jugo to third
Pitching: RHP Logan Fields
Batting: LHB Coop Gloster 0-0: Ground out U3 (Groundball, 23, EV 90.6 MPH)
Bottom of the 4th over - 2 runs, 2 hits, 0 errors, 1 left on base; California 1 - Nevada Las Vegas 8
TOP OF THE 5TH
California Golden Bears batting - Pitching for Nevada Las Vegas Rebels : LHP James Mix
Batting: RHB Cristian Stadler 0-0: Ball
1-0: Fly out, F9 (Flyball, 9LS, EV 89.4 MPH)
Batting: RHB Brian Van Hook 0-0: Called Strike
0-1: Ball
1-1: Ball
2-1: Called Strike
2-2: Foul Ball, location: 2F
2-2: Ball
3-2: Foul Ball, location: 2F
3-2: Fly out, F9 (Flyball, 9LM, EV 93.8 MPH)
Batting: RHB Thalen Lizik 0-0: Ball
1-0: Foul Ball, location: 2F
1-1: SINGLE (Groundball, 56, EV 96.2 MPH) (infield hit)
Pitching: RHP Ed Martin
Batting: RHB Sterling Henry 0-0: Ball
1-0: Called Strike
1-1: Called Strike
1-2: Fly out, F9 (Flyball, 89S, EV 92.5 MPH)
Top of the 5th over - 0 runs, 1 hit, 0 errors, 1 left on base; California 1 - Nevada Las Vegas 8
BOTTOM OF THE 5TH
Nevada Las Vegas Rebels batting - Pitching for California Golden Bears : RHP Logan Fields
Batting: LHB Kane Drennen 0-0: Ball
1-0: Ball
2-0: Ball
3-0: Called Strike
3-1: Called Strike
3-2: SINGLE (Groundball, 34D, EV 98.8 MPH)
Batting: RHB Luke Fridell 0-0: Ground out 5-3 (Groundball, 56S, EV 85.0 MPH)
Kane Drennen to second
Batting: RHB Wes Keel 0-0: Ground out 3-1 (Groundball, 34, EV 83.8 MPH)
Kane Drennen to third
Batting: LHB Earl Salazar 0-0: Called Strike
0-1: Foul Ball, location: 2F
0-2: Ground out 6-3 (Groundball, 6, EV 79.4 MPH)
Bottom of the 5th over - 0 runs, 1 hit, 0 errors, 1 left on base; California 1 - Nevada Las Vegas 8
TOP OF THE 6TH
California Golden Bears batting - Pitching for Nevada Las Vegas Rebels : RHP Ed Martin
Batting: RHB Wyatt Wassell 0-0: Called Strike
0-1: Ball
1-1: Ball
2-1: Ball
3-1: Called Strike
3-2: Foul Ball, location: 2F
3-2: SINGLE (Groundball, 4MD, EV 103.1 MPH)
Batting: RHB Gage Cotton 0-0: Reached on error, E6 (Groundball, 6, EV 100.6 MPH)
Wyatt Wassell to second
Batting: RHB Griffin Forsee 0-0: Fielders Choice at 3rd, U5 (Groundball, 5L, EV 81.9 MPH)
Gage Cotton to second
Batting: LHB Will Shad 0-0: Ball
1-0: Fly out, F8 (Line Drive, 78M, EV 107.5 MPH)
Batting: RHB Darrin Turner 0-0: Called Strike
0-1: DOUBLE (Line Drive, 89XD, EV 103.8 MPH)
Gage Cotton scores
Griffin Forsee to third
Batting: RHB Cristian Stadler 0-0: SINGLE (Groundball, 3D, EV 97.5 MPH)
Griffin Forsee scores
Darrin Turner to third
Runner from 3rd tries for Home, throw by RF and OUT! 9-2
Top of the 6th over - 2 runs, 3 hits, 1 error, 1 left on base; California 3 - Nevada Las Vegas 8
BOTTOM OF THE 6TH
Nevada Las Vegas Rebels batting - Pitching for California Golden Bears : RHP Logan Fields
Batting: LHB Joey Mastrostefano 0-0: Ball
1-0: Ground out 1-3 (Groundball, 13, EV 75.6 MPH)
Batting: RHB R.J. Anteau 0-0: Foul Ball, location: 2F
0-1: Ball
1-1: TRIPLE (Line Drive, 89XD, EV 101.9 MPH)
Batting: LHB Stuart Jugo 0-0: Called Strike
0-1: Fly out, F9 (Flyball, 89S, EV 86.2 MPH)
Batting: RHB Johnathan Sepe 0-0: Ball
1-0: SINGLE (Groundball, 4M, EV 105.6 MPH) (infield hit)
R.J. Anteau scores
Batting: LHB Coop Gloster 0-0: Ball
1-0: Ball
2-0: Fly out, F9 (Flyball, 9D, EV 99.4 MPH)
Bottom of the 6th over - 1 run, 2 hits, 0 errors, 1 left on base; California 3 - Nevada Las Vegas 9
TOP OF THE 7TH
California Golden Bears batting - Pitching for Nevada Las Vegas Rebels : RHP Ed Martin
Batting: RHB Brian Van Hook 0-0: SINGLE (Groundball, 56, EV 100.6 MPH) (infield hit)
Batting: RHB Thalen Lizik 0-0: Foul Ball, location: 2F
0-1: Foul Ball, location: 2F
0-2: Ball
1-2: Ball
2-2: Ball
3-2: Base on Balls
Brian Van Hook to second
Pitching: RHP Sherm Gregory
Batting: RHB Sterling Henry 0-0: Ball
1-0: Foul Ball, location: 2F
1-1: Foul Ball, location: 2F
1-2: Foul Ball, location: 2F
1-2: Strikes out swinging
Batting: RHB Wyatt Wassell 0-0: Foul Ball, location: 2F
0-1: Ball
1-1: Foul Ball, location: 2F
1-2: Fly out, F8 (Flyball, 8LXD, EV 99.4 MPH)
Runner from 2nd tags up, SAFE at 3rd, no throw by CF
Pinch Hitting: LHB Seth Bertram 0-0: Ball
1-0: Swinging Strike
1-1: Foul Ball, location: 2F
1-2: Ground out 6-3 (Groundball, 4MS, EV 75.6 MPH)
Top of the 7th over - 0 runs, 1 hit, 0 errors, 2 left on base; California 3 - Nevada Las Vegas 9
BOTTOM OF THE 7TH
Nevada Las Vegas Rebels batting - Pitching for California Golden Bears : RHP Logan Fields
Now at 1B: Seth Bertram
Batting: LHB Kane Drennen 0-0: Ball
1-0: Ball
2-0: Ball
3-0: Called Strike
3-1: Base on Balls
Batting: RHB Luke Fridell 0-0: Foul Ball, location: 2F
0-1: Ball
1-1: Called Strike
Kane Drennen steals 2nd base
1-2: SINGLE (Line Drive, 9S, EV 108.1 MPH)
Kane Drennen to third
Batting: RHB Wes Keel 0-0: Ball
1-0: Foul Ball, location: 2F
1-1: Foul Ball, location: 2F
1-2: Grounds into double play, 6-4-3 (Groundball, 6, EV 86.9 MPH)
Kane Drennen scores
Batting: LHB Earl Salazar 0-0: Called Strike
0-1: Called Strike
0-2: Fly out, F8 (Flyball, 8LXD, EV 95.6 MPH)
Bottom of the 7th over - 1 run, 1 hit, 0 errors, 0 left on base; California 3 - Nevada Las Vegas 10
TOP OF THE 8TH
California Golden Bears batting - Pitching for Nevada Las Vegas Rebels : RHP Sherm Gregory
Batting: RHB Griffin Forsee 0-0: Ball
1-0: Ball
2-0: Ball
3-0: Called Strike
3-1: Base on Balls
Pitching: LHP Stephen Rasmussen
Batting: LHB Will Shad 0-0: Called Strike
0-1: Ball
1-1: Ball
2-1: Foul Ball, location: 2F
2-2: Strikes out looking
Batting: RHB Darrin Turner 0-0: SINGLE (Groundball, 34D, EV 110.0 MPH)
Griffin Forsee to second
Runner from 2nd tries for 3rd, SAFE, throw by RF made to third
Batting: RHB Cristian Stadler 0-0: Ball
1-0: Ball
2-0: Ball
3-0: Base on Balls
Darrin Turner to second
Batting: RHB Brian Van Hook 0-0: Ball
1-0: Called Strike
1-1: Ball
2-1: SINGLE (Line Drive, 89S, EV 99.4 MPH)
Griffin Forsee scores
Darrin Turner to third
Cristian Stadler to second
Throwing error, E9
Darrin Turner scores
Cristian Stadler to third
Brian Van Hook to second
Batting: RHB Thalen Lizik 0-0: Ball
1-0: Ball
2-0: Ball
3-0: Called Strike
3-1: Ground out 5-3 (Groundball, 56S, EV 82.5 MPH)
Cristian Stadler scores
Batting: RHB Sterling Henry 0-0: Foul Ball, location: 2F
0-1: Ground out 5-3 (Groundball, 56, EV 81.9 MPH)
Top of the 8th over - 3 runs, 2 hits, 1 error, 1 left on base; California 6 - Nevada Las Vegas 10
BOTTOM OF THE 8TH
Nevada Las Vegas Rebels batting - Pitching for California Golden Bears : RHP Logan Fields
Batting: LHB Joey Mastrostefano 0-0: Ball
1-0: Called Strike
1-1: Foul Ball, location: 2F
1-2: Ground out U3 (Groundball, 34, EV 103.1 MPH)
Batting: RHB R.J. Anteau 0-0: Fly out, F7 (Flyball, 78S, EV 90.6 MPH)
Batting: LHB Stuart Jugo 0-0: Ball
1-0: Ground out 4-3 (Groundball, 4, EV 87.5 MPH)
Bottom of the 8th over - 0 runs, 0 hits, 0 errors, 0 left on base; California 6 - Nevada Las Vegas 10
TOP OF THE 9TH
California Golden Bears batting - Pitching for Nevada Las Vegas Rebels : LHP Stephen Rasmussen
Batting: RHB Wyatt Wassell 0-0: Called Strike
0-1: Swinging Strike
0-2: Ball
1-2: Foul Ball, location: 2F
1-2: Fly out, F7 (Flyball, 7, EV 83.1 MPH)
Batting: LHB Seth Bertram 0-0: Called Strike
0-1: Ball
1-1: Called Strike
1-2: Ball
2-2: Ball
3-2: Foul Ball, location: 2F
3-2: Strikes out swinging
Batting: RHB Griffin Forsee 0-0: Ball
1-0: Ball
2-0: Called Strike
2-1: Ball
3-1: Called Strike
3-2: Foul Ball, location: 2F
3-2: Ground out U3 (Groundball, 34, EV 85.6 MPH)
Top of the 9th over - 0 runs, 0 hits, 0 errors, 0 left on base; California 6 - Nevada Las Vegas 10
Thursday, April 25th , 2024 - OOTP Baseball 23.10 Build 110